 Dungeon Crawl Stone Soup version 0.32-a0-470-g255bbe2f98 (webtiles) character file.

Game seed: 9366065347564550738

1734960 nakedcarnage the Slayer (level 27, 266/266 HPs)
             Began as an Octopode Wanderer on Feb 24, 2024.
             Was an Elder of Hepliaklqana.
             Escaped with the Orb
             ... and 3 runes on Feb 25, 2024!
             The game lasted 02:10:41 (64560 turns).

nakedcarnage the Slayer (Octopode Wanderer)        Turns: 64560, Time: 02:10:41

Health: 266/266    AC: 34    Str: 22    XL:     27
Magic:  54/54      EV: 50    Int: 18    God:    Hepliaklqana [****..]
Gold:   1335       SH: 32    Dex: 28    Spells: 19/42 levels left

rFire   + + .        I - +8 demon blade (freeze)
rCold   + . .        P - +7 tower shield {rC+}
rNeg    + . .        m - +3 hat of Pondering {ponderous, Will+ MP+10 Int+5}
rPois   ∞            l - amulet of regeneration
rElec   +            L - +6 ring of dexterity
rCorr   .            T - +5 ring of evasion
SInv    .            a - +5 ring of evasion
Will    +++..        c - +5 ring of evasion
Stlth   ++           C - ring of Xehuon {Fire Slay+5}
HPRegen 1.44/turn    V - ring "Teix" {rF+ EV+5 Str+3 Slay+2 Stlth+}
MPRegen 0.34/turn    u - +4 ring of protection
                     j - ring "Bomepnay" {rPois rC+ MP+9 Str+3 Slay+4}

%: no passive effects
@: statue-form, studying Ice Magic, very slow
A: slow and powerful, torment resistance 1, boosted hp, reduced essence, almost
no armour, amphibious, 8 rings, camouflage 1, (gelatinous body 1), (nimble
swimmer 1), tentacles, deterioration 1, robust 1
0: Orb of Zot
}: 3/15 runes: serpentine, barnacled, silver
a: Begin Untransformation, Renounce Religion, Recall Ancestor, Ancestor
Identity, Transference, Idealise


You escaped.
You worshipped Hepliaklqana.
Hepliaklqana was greatly pleased with you.
You were a living statue of rough stone.
You visited 9 branches of the dungeon, and saw 47 of its levels.
You visited the Abyss 1 time.
You also visited: Trove, Bailey and Ice Cave.

You collected 8287 gold pieces.
You spent 6952 gold pieces at shops.

Inventory:

Hand Weapons
 s - a +1 quick blade of distortion
 I - a +8 demon blade of freezing (weapon)
Missiles
 n - 10 throwing nets {!f}
 E - a curare-tipped dart
Armour
 m - the +3 hat of Pondering (worn) {ponderous, Will+ MP+10 Int+5}
   (You took it off Gastronok on level 2 of the Lair of Beasts)

   Int+5:     It affects your intelligence (+5).
   Will+:     It increases your willpower.
   MP+10:     It affects your magic capacity (+10).
 P - a +7 tower shield of cold resistance (worn)
Jewellery
 a - a +5 ring of evasion (on tentacle)
 c - a +5 ring of evasion (on tentacle)
 g - a ring of protection from fire
 i - a ring of see invisible
 j - the ring "Bomepnay" (on tentacle) {rPois rC+ MP+9 Str+3 Slay+4}
   (You acquired it on level 1 of the Vaults)

   [ring of slaying]

   Str+3:     It affects your strength (+3).
   Slay+4:    It affects your accuracy & damage with ranged weapons and melee
   (+4).
   rC+:       It protects you from cold.
   rPois:     It protects you from poison MP+9: It affects your magic capacity
   (+9).
 l - an amulet of regeneration (around mantle)
 u - a +4 ring of protection (on tentacle)
 v - an amulet of guardian spirit
 B - the ring of Muxamnib {rC+ rN++ Str-4 Int+2}
   (You found it on level 1 of the Lair of Beasts)

   [ring of protection from cold]

   Str-4:     It affects your strength (-4).
   Int+2:     It affects your intelligence (+2).
   rC+:       It protects you from cold.
   rN++:      It greatly protects you from negative energy.
 C - the ring of Xehuon (on tentacle) {Fire Slay+5}
   (You found it on level 1 of the Shoals)

   [ring of fire]

   Fire:      It enhances your fire magic.
   Slay+5:    It affects your accuracy & damage with ranged weapons and melee
   (+5).
   rF+:       It protects you from fire.
   rC-:       It makes you vulnerable to cold.
 L - a +6 ring of dexterity (left tentacle)
 M - the ring of Yhabyt {rN++ rCorr Int+3}
   (You found it in a treasure trove)

   [ring of resist corrosion]

   Int+3:     It affects your intelligence (+3).
   rN++:      It greatly protects you from negative energy.
   rCorr:     It protects you from acid and corrosion.
 S - a ring of willpower
 T - a +5 ring of evasion (right tentacle)
 U - the ring "Ofier" {rF+ rN+ rCorr Dex+3}
   (You acquired it on level 4 of the Depths)

   [ring of resist corrosion]

   Dex+3:     It affects your dexterity (+3).
   rF+:       It protects you from fire.
   rN+:       It protects you from negative energy.
   rCorr:     It protects you from acid and corrosion.
 V - the ring "Teix" (on tentacle) {rF+ EV+5 Str+3 Slay+2 Stlth+}
   (You found it in a treasure trove)

   [ring of evasion]

   EV+5:      It affects your evasion (+5).
   Str+3:     It affects your strength (+3).
   Slay+2:    It affects your accuracy & damage with ranged weapons and melee
   (+2).
   rF+:       It protects you from fire.
   Stlth+:    It makes you more stealthy.
 W - the ring of Trepidation {rElec rPois Will+ MP+9}
   (You acquired it on level 13 of the Dungeon)

   [ring of magical power]

   rElec:     It insulates you from electricity.
   rPois:     It protects you from poison Will+: It increases your willpower.
   MP+9:      It affects your magic capacity (+9).
 Y - a ring of wizardry
Talismans
 R - a granite talisman (active)
Wands
 b - a wand of quicksilver (24)
 H - a wand of charming (50)
 J - a wand of iceblast (27) {@v2}
 K - a wand of digging (16) {@v3}
Scrolls
 e - 9 scrolls of fog
 f - a scroll of poison
 h - 10 scrolls of teleportation {@r3}
 w - 2 scrolls of summoning
 z - a scroll of silence
 N - 8 scrolls of blinking {@r4}
 X - 4 scrolls of fear
Potions
 d - a potion of resistance {@q5}
 k - 15 potions of heal wounds {@q2}
 o - 5 potions of magic
 q - 5 potions of haste {@q4}
 r - 6 potions of might {@q3}
 t - 4 potions of invisibility
 x - 6 potions of ambrosia
 A - 4 potions of enlightenment
 D - 27 potions of curing {@q1}
 F - 6 potions of lignification
 G - 2 potions of cancellation
 O - 4 potions of mutation
Miscellaneous
 p - a tin of tremorstones (2/2)
 y - a phantom mirror
 Q - a sack of spiders
 Z - a phial of floods


   Skills:
 - Level 21.0 Fighting
 * Level 20.5 Long Blades
 - Level 3.0 Maces & Flails
 - Level 18.0 Dodging
 - Level 6.2 Stealth
 - Level 20.2 Shields
 - Level 3.0 Unarmed Combat
 - Level 8.0 Spellcasting
 - Level 11.3 Necromancy
 - Level 10.7 Translocations
 - Level 6.1 Ice Magic
 - Level 10.8 Air Magic
 - Level 11.4 Earth Magic
 - Level 11.0 Invocations
 + Level 13.8 Evocations
 - Level 16.0 Shapeshifting


You had 19 spell levels left.
You knew the following spells:

 Your Spells              Type           Power      Damage    Failure   Level
b - Passwall              Erth           48%        N/A       1%          3
c - Lesser Beckoning      Tloc           90%        N/A       1%          2
d - Vhi's Electric Charg  Tloc/Air       90%        N/A       1%          4
e - Ozocubu's Armour      Ice            29%        N/A       4%          3
f - Passage of Golubria   Tloc           45%        N/A       1%          4
g - Borgnjor's Vile Clut  Necr/Erth      24%        N/A       4%          5
h - Blink                 Tloc           90%        N/A       1%          2

Your spell library contained the following spells:

 Spells                   Type           Power      Damage    Failure   Level
 Kiss of Death            Conj/Necr      100%       2d13      1%          1
 Sandblast                Erth           96%        2d20      1%          1
 Cigotuvi's Dreadful Rot  Necr/Alch/Air  66%        N/A       1%          2
 Fugue of the Fallen      Necr           48%        N/A       1%          3
 Gell's Gravitas          Tloc           45%        N/A       1%          3
 Swiftness                Air            46%        N/A       1%          3
 Teleport Other           Tloc           45%        N/A       1%          3
 Vampiric Draining        Necr           48%        2d9       1%          3
 Airstrike                Air            23%        2d(4-20)  1%          4
 Dispel Undead            Necr           48%        3d18      1%          4
 Mercury Vapours          Alch/Air       52%        N/A       2%          2
 Static Discharge         Conj/Air       52%        3-6/arc   2%          2
 Stone Arrow              Conj/Erth      54%        3d10      4%          3
 Lee's Rapid Deconstruct  Erth           24%        3d13*     4%          5
 Ensorcelled Hibernation  Hex/Ice        36%        N/A       7%          2
 Hailstorm                Conj/Ice       18%        3d7       14%         3
 Summon Ice Beast         Ice/Summ       18%        N/A       14%         3
 Foxfire                  Conj/Fire      40%        2x1d6     16%         1
 Magic Dart               Conj           28%        1d4       16%         1
 Slow                     Hex            28%        N/A       16%         1
 Sting                    Conj/Alch      28%        1d4       16%         1
 Anguish                  Hex/Necr       13%        N/A       16%         4
 Leda's Liquefaction      Alch/Erth      13%        N/A       16%         4
 Petrify                  Alch/Erth      27%        N/A       16%         4
 Dimensional Bullseye     Hex/Tloc       13%        N/A       19%         4
 Summon Lightning Spire   Summ/Air       26%        N/A       19%         4
 Call Imp                 Summ           14%        N/A       24%         2
 Jinxbite                 Hex            14%        N/A       24%         2
 Scorch                   Fire           20%        2d5       24%         2
 Freezing Cloud           Conj/Ice/Air   13%        6-21      41%         5
 Call Canine Familiar     Summ           7%         N/A       43%         3
 Confusing Touch          Hex            7%         N/A       43%         3
 Inner Flame              Hex/Fire       10%        N/A       43%         3
 Sigil of Binding         Hex            7%         N/A       43%         3
 Arcjolt                  Conj/Air       13%        1d23      45%         5
 Silence                  Hex/Air        13%        N/A       45%         5
 Cause Fear               Hex            3%         N/A       85%         4
 Flame Wave               Conj/Fire      10%        2d6       85%         4
 Ignite Poison            Fire/Alch      10%        N/A       85%         4
 Olgreb's Toxic Radiance  Alch           7%         N/A       85%         4
 Sticky Flame             Fire/Alch      10%        2d5       85%         4
 Bombard                  Conj/Erth      13%        9d3       94%         6
 Conjure Ball Lightning   Conj/Air       13%        3x3d6     95%         6
 Plasma Beam              Fire/Air       19%        2x1d31    95%         6
 Alistair's Intoxication  Alch           4%         N/A       99%         5
 Irradiate                Conj/Alch      3%         3d12      99%         5
 Yara's Violent Unravell  Hex/Alch       3%         3d4       99%         5
 Eringya's Noxious Bog    Alch           3%         4d6       100%        6
 Sculpt Simulacrum        Ice/Alch       9%         N/A       100%        6
 Starburst                Conj/Fire      5%         6d4       100%        6
 Enfeeble                 Hex            3%         N/A       100%        7
 Ozocubu's Refrigeration  Ice            14%        4d10      100%        7
 Discord                  Hex            3%         N/A       100%        8
 Disjunction              Tloc           22%        N/A       100%        8
 Lehudib's Crystal Spear  Conj/Erth      13%        10d5      100%        8
 Maxwell's Capacitive Co  Air            23%        ∞         100%        8
 Chain Lightning          Conj/Air       13%        3d17      100%        9
 Sublimation of Blood     Necr           Unusable   N/A       N/A         2
 Animate Armour           Summ/Erth      Unusable   N/A       N/A         4

Dungeon Overview and Level Annotations

Branches:
Dungeon (15/15)            Temple (0/1) D:5            Lair (5/5) D:10
 Shoals (4/4) Lair:2        Snake (4/4) Lair:3        Slime (0/5) Lair:5
    Orc (2/2) D:12            Elf (3/3) Orc:2        Vaults (5/5) D:14
  Crypt (0/3) Vaults:3     Depths (4/4) D:15            Zot (5/5) Depths:4
 Bailey (visited)           IceCv (visited)

Altars:
Ashenzari
Cheibriados
Dithmenos
Gozag
Hepliaklqana
Kikubaaqudgha
Makhleb
Okawaru
Sif Muna
Trog
Vehumet
Xom
Zin
The Shining One
Beogh

Shops:
D:1 [   D:8 [   D:13 ?   Orc:2 **![   Elf:1 :   Shoals:4 (   Snake:1 !!(
Vaults:2 (   Vaults:5 ?!!?

Portals:
Hell: Depths:1 Depths:2 Depths:3 Depths:4
Abyss: Depths:3 Depths:4
Pandemonium: Depths:2
Ziggurat: Depths:1

Annotations:
D:8 exclusion: downstairs
D:9 exclusion: 3 doors
Elf:2 2 runed translucent doors
Depths:4 2 runed translucent doors, Huzoalasm's ghost, veteran KoBr; Parghit
Zot:3 6 runed translucent doors


Innate Abilities, Weirdness & Mutations

You are a living statue of rough stone.
Your actions are slow, but your melee attacks are powerful.
You are resistant to unholy torment.
Your maximum health is greatly increased.
Your life essence is reduced to manifest your ancestor. (-10% HP)
You cannot wear most types of armour.
You are amphibious.
You can wear up to eight rings at the same time.
You are immune to poison.
Your skin changes colour to match your surroundings (Stealth+).
((Your rubbery body absorbs attacks. (AC +1, EV +1)))
((You are camouflaged when in or above water. (Stealth+)))
You have tentacles for arms and can constrict up to eight enemies at once.
Your body sometimes deteriorates upon taking damage.
You are robust. (+10% HP)


Message History

There is a stone staircase leading down here.
What level of the Dungeon? (default 1, ? - help)
An Orb Guardian comes into view.
Royclu points at the Orb Guardian and mumbles some strange words.
The bolt of magma hits the Orb Guardian!!
Royclu completely misses the Orb Guardian.
The Orb Guardian hits Royclu!
The Orb Guardian hits Royclu!!!
Royclu closely misses the Orb Guardian.
The Orb Guardian hits Royclu!
Royclu hits the Orb Guardian with a +0 lajatang of freezing!!!
Royclu freezes the Orb Guardian!
The Orb Guardian hits Royclu.
Royclu hits the Orb Guardian with a +0 lajatang of freezing!
Royclu freezes the Orb Guardian.
The Orb Guardian dies!
Goesch comes into view. It is armed with a flaming touch.
Goesch moves out of view.
There is a stone staircase leading up here.
The sixfirhy closely misses Royclu.
The sixfirhy hits Royclu but does no damage.
The sixfirhy hits Royclu.
The sixfirhy shocks Royclu!
Royclu barely misses the sixfirhy.
You climb upwards.
There is a stone staircase leading down here.
What level of the Dungeon? (default 1, ? - help)
There is a stone staircase leading up here.
You climb upwards.
There is a stone staircase leading down here.
There is a stone staircase leading up here.
You climb upwards.
There is a stone staircase leading down here.
You see here a +0 scale mail.
An Orb Guardian comes into view.
Aiming: Dig
Press: ? - help, Shift-Dir - straight line A rock wall.
This square is covered in magical glow.
The rock shatters into small pieces.
Blink to where?
Press: ? - help, Dir - move target
As you read the scroll of blinking {@r4}, it crumbles to dust.
You have escaped!

############
#.####[#.#.......#
#......#.#.###.###
######.##.##.#.# #.#
#~~~~♣.♣X~~#.#.# #.#
#~..P...P.~#.#.# #.# #####
#~.PPP.PPP~#...# #.#
....#######~..P...P.~###.###.#
.........##♣♣.......♣#.......#
....####†.......I......#.#####
##### ####♣♣.......♣#.#...#
#~..♣...P.~#.#.#.# ##
#~.♣♣♣.PPP~#.#.#.# .##
#~..♣...P.~#.#.#.# ..###
#~~~~♣~♣~~~#.#.#.#
#...############.#####...#.#
.^..........##...........#.#
............##...#.#.#...#.#


You could see an Orb Guardian.

Vanquished Creatures
  5 dread liches
  2 orbs of fire (Zot:5)
  2 ancient liches (Zot:5)
  Sojobo (Depths:4)
  3 Killer Klowns
  Margery (Vaults:4)
  A caustic shrike (Depths:3)
  A curse toe (Zot:4)
  5 golden dragons
  Jory (Vaults:2)
  A bone dragon (Depths:4)
  A hellephant (Vaults:4)
  An electric golem (Zot:5)
  A Brimstone Fiend (D:15)
  2 doom hounds (Depths:4)
  2 walking crystal tomes
  2 liches (Depths:1)
  9 tentacled monstrosities
  16 Orb Guardians
  2 walking earthen tomes
  3 titans
  2 deep elf master archers (Elf:3)
  Grunn (Depths:4)
  A quicksilver dragon (Zot:3)
  A walking divine tome (Depths:4)
  2 deep elf blademasters (Elf:3)
  4 sphinxes
  A kraken (Shoals:1)
  2 death cobs (Zot:1)
  An Executioner (Zot:1)
  A tentacled starspawn (Abyss:3)
  3 shadow dragons
  8 tengu reavers
  Kirke (Lair:5)
  2 nagarajas (Snake:4)
  9 storm dragons
  Aizul (Snake:2)
  7 protean progenitors
  A revenant (Abyss:3)
  3 draconian monks (Zot:1)
  7 fire giants
  6 draconian knights
  3 deep elf sorcerers
  An iron dragon (Depths:2)
  5 frost giants
  9 vault wardens
  A draconian shifter (Zot:4)
  2 draconian scorchers
  3 draconian stormcallers
  18 ironbound preservers
  2 orc warlords
  5 deep elf elementalists (Elf:3)
  3 very ugly things
  2 reapers
  11 stone giants
  4 draconian annihilators
  A quicksilver ooze (Vaults:4)
  A formless jellyfish (Vaults:4)
  2 vampire knights
  2 deep elf demonologists (Elf:3)
  An ironbound thunderhulk (Vaults:2)
  A lorocyproca (D:15)
  6 war gargoyles
  8 green draconians
  A bunyip (Zot:3)
  6 dire elephants
  4 yellow draconians
  10 spark wasps
  5 deep elf annihilators
  5 red draconians
  5 deep elf death magi
  6 white draconians
  11 black draconians
  7 purple draconians
  4 blizzard demons (Zot:1)
  5 ettins
  6 merfolk javelineers (Shoals:4)
  4 deep elf high priests
  3 entropy weavers
  6 fire dragons
  10 great orbs of eyes
  3 merfolk impalers
  5 yaktaur captains
  5 peacekeepers
  6 ice dragons
  2 salamander tyrants (Snake:4)
  A rakshasa (Depths:2)
  The ghost of Demei the Fencer, a journeyman MfGl of Okawaru (D:14)
  23 vault guards
  6 hydras
  10 anacondas
  7 ironbound frosthearts
  2 merfolk avatars
  10 centaur warriors
  3 death knights
  3 spriggan air magi (Depths:3)
  5 merfolk aquamancers
  5 boulder beetles
  4 satyrs
  2 two-headed ogres
  23 dancing weapons
  8 naga warriors
  2 deep troll earth magi
  2 spriggan berserkers
  A death yak (IceCv)
  4 orc high priests (Orc:2)
  6 deep troll shamans
  5 tengu warriors
  5 vampire magi (Depths:1)
  Urug (D:10)
  3 naga sharpshooters
  3 shock serpents
  22 hell knights
  2 sun demons (D:5)
  6 deep elf knights
  2 wretched stars (Abyss:3)
  Amaemon (D:10)
  A shadow wraith (Vaults:3)
  A sixfirhy (Zot:4)
  4 skysharks
  2 skeletal warriors (D:14)
  2 salamander mystics
  A death drake (Zot:3)
  4 iron trolls
  3 flayed ghosts
  19 sea snakes
  A shadow demon (D:14)
  4 naga ritualists
  49 deep trolls
  A large abomination (Abyss:3)
  2 glowing orange brains
  3 deep elf archers
  10 mana vipers
  An obsidian statue (D:14)
  8 arcanists
  3 lindwurms
  17 orc knights
  18 ironbound convokers
  22 deep elf zephyrmancers
  3 phantasmal warriors
  A lindwurm (shapeshifter) (D:14)
  13 harpies
  10 necromancers
  19 deep elf pyromancers
  12 manticores
  5 fauns (Shoals:3)
  10 orc sorcerers
  39 ugly things
  6 cyclopes
  A faun (shapeshifter) (Depths:1)
  15 moths of wrath
  20 salamanders
  3 guardian serpents (Snake:4)
  3 kobold blastminers (Orc:2)
  3 water nymphs
  4 elephants (Lair:3)
  A merfolk siren (Shoals:2)
  31 black mambas
  10 naga magi
  An eye of devastation (shapeshifter) (Depths:3)
  12 vault sentinels
  2 gargoyles
  A molten gargoyle (Lair:2)
  An orange demon (D:11)
  The ghost of YordlordTheGreat the Cudgeller, a novice HuCA of Ignis (D:5)
  An efreet (Abyss:3)
  25 cane toads
  8 rime drakes
  2 unseen horrors
  17 yaktaurs
  2 freezing wraiths
  4 komodo dragons
  An ancient zyme (Abyss:3)
  4 tengu conjurers
  2 guardian mummies (Zot:3)
  A yaktaur skeleton (Vaults:3)
  7 polar bears
  7 trolls
  A troll (shapeshifter) (D:14)
  4 wind drakes
  Prince Ribbit (D:8)
  3 hornets
  2 tyrant leeches (Lair:5)
  19 merfolk
  13 blink frogs
  2 glass eyes
  A raiju (Abyss:3)
  2 dream sheep (Shoals:2)
  31 slime creatures
  2 snapping turtles
  5 air elementals
  A jumping spider (Vaults:2)
  7 wyverns
  A ynoxinul (Abyss:3)
  A shadow (D:13)
  13 water elementals
  A hog (Lair:5)
  3 wraiths
  2 fire bats (Lair:2)
  62 yaks
  5 basilisks
  5 fire elementals
  5 wargs
  A redback (Vaults:2)
  3 neqoxecs (Abyss:3)
  A steam dragon (D:9)
  A chaos spawn (Abyss:3)
  A yaktaur simulacrum (Vaults:3)
  6 vampire mosquitoes
  2 elf skeletons (Vaults:3)
  A human simulacrum (Vaults:3)
  29 nagas
  2 swamp worms (shapeshifter)
  An acid dragon (D:14)
  5 small abominations (Abyss:3)
  10 water moccasins
  2 ice beasts
  A black bear (D:3)
  31 orc warriors
  A sky beast (D:7)
  4 laughing skulls
  7 boggarts
  13 ogres
  8 wolves
  A centaur (shapeshifter) (Vaults:5)
  8 centaurs
  2 kobold brigands
  A gnoll sergeant (D:10)
  A human zombie (Vaults:3)
  16 bullfrogs
  An earth elemental (Elf:3)
  2 ogre simulacra (Vaults:3)
  3 scorpions
  A wight (D:7)
  Dowan (D:4)
  A killer bee (D:9)
  4 howler monkeys (D:12)
  An electric eel (Lair:5)
  A crimson imp (D:11)
  3 hounds (D:6)
  2 jellies
  Crazy Yiuf (D:6)
  19 orc priests
  Natasha (thrice) (D:2)
  7 orc wizards
  An iguana (D:5)
  18 gnolls
  4 adders
  A shadow imp (D:4)
  5 white imps
  A ribbon worm (D:2)
  60 orcs
  4 endoplasms
  2 giant cockroaches (D:1)
  6 goblins
  4 hobgoblins
  4 jackals (D:1)
  14 kobolds
  2 quokkas
  5 ball pythons
  7 bats
  5 frilled lizards
  3 rats
  4 aspiring fleshes
1549 creatures vanquished.

Vanquished Creatures (collateral kills)
  A dread lich (Zot:5)
  An ancient lich (Zot:5)
  Frederick (Vaults:2)
  2 Killer Klowns (Zot:5)
  5 golden dragons
  Norris (Vaults:2)
  A bone dragon (Depths:4)
  A Tzitzimitl (Depths:4)
  2 electric golems
  A lich (Depths:1)
  4 tentacled monstrosities
  A walking earthen tome (Depths:2)
  13 Orb Guardians
  A quicksilver dragon (Depths:2)
  A walking divine tome (Depths:4)
  3 titans (Vaults:5)
  2 sphinxes
  An Executioner (D:15)
  A death cob (Zot:5)
  3 storm dragons
  The ghost of LDflipp the Unseen, an adept KoEn of Wu Jian (Shoals:1)
  2 tengu reavers
  A tentacled starspawn (Abyss:3)
  Gastronok (Lair:2)
  A draconian monk (Zot:5)
  4 shadow dragons
  4 nagarajas (Snake:4)
  4 fire giants
  2 draconian shifters
  2 draconian knights
  3 protean progenitors (Zot:3)
  4 vault wardens
  6 frost giants
  A ghost moth (Zot:3)
  A balrug (Depths:1)
  2 reapers
  A deep elf sorcerer (Elf:3)
  3 orc warlords
  Louise (D:14)
  A draconian scorcher (Zot:4)
  A draconian stormcaller (Zot:5)
  2 very ugly things
  A spriggan defender (Depths:3)
  A formless jellyfish (Vaults:2)
  8 ironbound preservers
  A vampire knight (Depths:4)
  6 stone giants
  A draconian annihilator (Zot:1)
  A deep elf annihilator (Elf:3)
  4 purple draconians
  2 deep elf demonologists
  3 deep elf death magi
  3 dire elephants (Vaults:3)
  5 white draconians
  3 green draconians
  3 red draconians
  2 war gargoyles (Vaults:5)
  A bunyip (Zot:3)
  2 yellow draconians (Zot:5)
  5 spark wasps
  3 blizzard demons
  Snorg (D:11)
  3 merfolk impalers
  3 jiangshi (Depths:3)
  3 ettins
  2 deep elf high priests
  3 yaktaur captains
  5 great orbs of eyes
  7 vault guards
  3 fire dragons
  2 radroaches (Zot:3)
  2 ogre magi (Vaults:5)
  Erica (D:8)
  A peacekeeper (Vaults:1)
  4 hydras
  6 centaur warriors
  2 ironbound frosthearts (Vaults:2)
  2 alligator snapping turtles
  2 anacondas
  2 boulder beetles
  A jorogumo (Zot:1)
  2 merfolk avatars
  9 dancing weapons (Elf:2)
  A merfolk aquamancer (Shoals:1)
  4 tengu warriors
  3 two-headed ogres (Orc:2)
  3 satyrs
  2 deep troll shamans (Depths:3)
  3 death yaks (IceCv)
  5 naga warriors
  2 shock serpents (shapeshifter)
  A vampire mage (Depths:3)
  4 deep troll earth magi
  2 shock serpents
  4 sun demons
  3 occultists
  3 salamander mystics (Snake:4)
  6 hell knights
  8 deep elf knights
  5 naga sharpshooters
  5 skysharks
  The ghost of ballabu the Martial Artist, a novice DsFi (D:7)
  2 death drakes
  16 deep trolls
  A sea snake (shapeshifter) (Depths:4)
  2 glowing orange brains
  15 sea snakes
  A mana viper (Snake:1)
  A swamp dragon (shapeshifter) (D:13)
  A glowing orange brain (shapeshifter) (Vaults:5)
  3 naga ritualists
  A phantasmal warrior (Vaults:5)
  3 deep elf archers
  An anaconda skeleton (Abyss:3)
  7 lindwurms
  2 necromancers
  2 orc knights
  3 ironbound convokers
  2 orb spiders (shapeshifter)
  A flayed ghost (Depths:3)
  A steelbarb worm (shapeshifter) (Vaults:5)
  A large abomination (Abyss:3)
  15 ugly things
  14 deep elf pyromancers
  10 deep elf zephyrmancers
  A wolf spider (Vaults:5)
  3 harpies
  4 orc sorcerers
  A cyclops (D:12)
  6 salamanders
  6 manticores
  7 fauns
  4 moths of wrath
  A kobold blastminer (Orc:2)
  10 black mambas
  6 merfolk sirens
  9 water nymphs
  6 naga magi
  A gargoyle (D:10)
  A black mamba (shapeshifter) (Depths:3)
  4 guardian serpents (Snake:4)
  5 vault sentinels
  A rime drake (IceCv)
  A cane toad (Lair:2)
  An unseen horror (D:13)
  2 komodo dragons
  10 yaktaurs
  2 guardian mummies (Zot:3)
  An ancient zyme (Abyss:3)
  19 merfolk
  2 wind drakes
  A troll (Orc:2)
  A tyrant leech (Lair:5)
  A polar bear (shapeshifter) (Vaults:5)
  A troll (shapeshifter) (Vaults:5)
  5 blink frogs
  A glass eye (shapeshifter) (Vaults:5)
  3 glass eyes
  2 snapping turtles
  A jumping spider (shapeshifter) (Depths:4)
  6 slime creatures
  A snapping turtle (shapeshifter) (Vaults:5)
  9 water elementals
  25 yaks
  A wraith (Abyss:3)
  2 fire bats (Lair:2)
  2 wyverns
  2 basilisks
  2 hogs (Lair:5)
  2 wargs (Orc:1)
  4 vampire mosquitoes
  An acid dragon (D:13)
  A redback (Vaults:2)
  A swamp worm (shapeshifter) (Vaults:5)
  27 nagas
  Duvessa (D:4)
  3 water moccasins (Lair:5)
  23 orc warriors
  An ice beast (D:5)
  A black bear (Lair:1)
  4 ogres
  4 boggarts
  5 centaurs
  5 wolves
  3 gnoll sergeants
  6 bullfrogs
  2 small abominations (Abyss:3)
  7 wights
  3 killer bees (D:9)
  A howler monkey (D:12)
  A hound (D:6)
  14 orc priests
  A sleepcap (D:7)
  8 orc wizards
  A spriggan simulacrum (D:11)
  9 gnolls
  2 naga simulacra (D:11)
  2 white imps (D:11)
  54 orcs
  2 goblins (D:10)
  3 kobolds
  3 butterflies (Zot:3)
  A tentacle (Shoals:1)
771 creatures vanquished.

Vanquished Creatures (others)
  A dread lich (Zot:5)
  An ancient lich (Vaults:5)
  A frost giant (Depths:1)
  A draconian stormcaller (Zot:5)
  A green draconian (Zot:5)
  A yellow draconian (Zot:5)
  A blizzard demon (Zot:1)
  An alligator snapping turtle (Shoals:4)
  A large abomination (Depths:4)
  A merfolk (Shoals:4)
  A guardian mummy (Zot:3)
  An ancestor (D:6)
  60 battlemagi
  A kobold (D:3)
  A lurking horror (Abyss:3)
  11 tentacles (Shoals:1)
85 creatures vanquished.

Grand Total: 2405 creatures vanquished

Notes
Turn   | Place    | Note
-------+----------+-------------------------------------------
     0 | D:1      | nakedcarnage the Octopode Wanderer began the quest for the
                  | Orb.
     0 | D:1      | nakedcarnage set off with the following items: a +0 mace, a
                  | potion of invisibility, a scroll of fear, a +0 buckler, a
                  | scroll of fog.
     0 | D:1      | Reached XP level 1. HP: 14/14 MP: 1/1
   143 | D:1      | Found a faded altar of an unknown god.
   150 | D:1      | Prayed at the altar of an unknown god.
   150 | D:1      | Became a worshipper of the Shining One
   150 | D:1      | Reached * piety under the Shining One
   276 | D:1      | Reached XP level 2. HP: 18/20 MP: 2/2
   278 | D:1      | Reached skill level 1 in Stealth
   493 | D:1      | Found Pyselufa's Antique Armour Boutique.
   524 | D:1      | Reached XP level 3. HP: 25/25 MP: 3/3
   681 | D:2      | Noticed Natasha
   777 | D:2      | Reached skill level 3 in Fighting
  1128 | D:2      | Killed Natasha
  1129 | D:2      | Reached XP level 4. HP: 31/31 MP: 4/4
  1453 | D:2      | Noticed Natasha
  1463 | D:2      | Killed Natasha
  1569 | D:2      | Noticed Natasha
  1577 | D:2      | Killed Natasha
  1578 | D:2      | Reached skill level 4 in Fighting
  1578 | D:2      | Reached XP level 5. HP: 8/37 MP: 5/5
  1727 | D:3      | Found an ancient bone altar of Kikubaaqudgha.
  1780 | D:3      | Reached ** piety under the Shining One
  1782 | D:3      | Noticed a black bear
  1968 | D:3      | Found a hazy altar of Hepliaklqana.
  1974 | D:3      | Fell from the grace of the Shining One
  1974 | D:3      | Became a worshipper of Hepliaklqana the Forgotten
  2098 | D:3      | Killed a black bear
  2099 | D:3      | Reached XP level 6. HP: 32/44 MP: 6/6
  2500 | D:4      | Learned a level 1 spell: Kiss of Death
  2540 | D:4      | Noticed Duvessa
  2562 | D:4      | Noticed Dowan
  2745 | D:4      | Found a glowing silver altar of Zin.
  3262 | D:5      | Entered Level 5 of the Dungeon
  3271 | D:5      | Reached skill level 1 in Long Blades
  3276 | D:5      | Noticed an ice beast
  3286 | D:5      | Found a staircase to the Ecumenical Temple.
  3291 | D:5      | Noticed an ice beast
  3547 | D:5      | Reached skill level 5 in Fighting
  3560 | D:5      | Reached * piety under Hepliaklqana
  3673 | D:5      | Killed an ice beast
  3674 | D:5      | Reached skill level 1 in Evocations
  3674 | D:5      | Reached XP level 7. HP: 45/45 MP: 7/7
  4096 | D:5      | Noticed YordlordTheGreat's ghost (novice HuCA)
  4097 | D:5      | Identified the +8 dire flail "Oluawoaclu" {freeze, Dex+5}
  4099 | D:5      | Found a transporter.
  4417 | D:5      | Learned a level 3 spell: Passwall
  4418 | D:6      | Noticed a yak
  4418 | D:6      | Noticed a yak
  4418 | D:6      | Noticed a yak
  4418 | D:6      | Noticed a yak
  4418 | D:6      | Noticed a yak
  4461 | D:5      | Found a transporter.
  4550 | D:6      | Reached XP level 8. HP: 42/49 MP: 6/8
  4571 | D:6      | Reached skill level 5 in Long Blades
  4930 | D:6      | Reached ** piety under Hepliaklqana
  4931 | D:6      | Remembered your ancestor Royclu as a battlemage
  5058 | D:7      | Found a runed translucent door.
  5059 | D:7      | Found a shimmering altar of Xom.
  5059 | D:7      | Noticed ballabu's ghost (novice DsFi)
  5059 | D:7      | Noticed a +1 rapier of chaos
  5332 | D:7      | Reached XP level 9. HP: 45/54 MP: 6/9
  5790 | D:7      | Found a snail-covered altar of Cheibriados.
  6190 | D:8      | Found Xalayv's Antique Armour Shoppe.
  6226 | D:8      | Noticed Erica
  6227 | D:8      | Noticed Prince Ribbit
  6257 | D:8      | Reached skill level 6 in Fighting
  6517 | D:8      | Killed Prince Ribbit
  6638 | D:8      | Killed Erica
  6639 | D:8      | Reached skill level 7 in Fighting
  6639 | D:8      | Reached skill level 5 in Dodging
  6639 | D:8      | Reached XP level 10. HP: 63/63 MP: 10/10
  6927 | D:9      | Reached skill level 8 in Fighting
  7003 | D:9      | Found a bloodstained altar of Trog.
  7063 | D:9      | Reached skill level 10 in Long Blades
  7207 | D:9      | Found an iron altar of Okawaru.
  7214 | D:9      | Found a shimmering altar of Xom.
  7448 | D:9      | Reached skill level 9 in Fighting
  7794 | D:9      | Reached *** piety under Hepliaklqana
  8162 | D:7      | Reached XP level 11. HP: 52/72 MP: 7/11
  8280 | D:6      | Reached skill level 10 in Fighting
  8406 | D:6      | Found a runed translucent door.
  8407 | D:6      | Noticed Crazy Yiuf
  8515 | D:6      | Killed Crazy Yiuf
  8604 | D:4      | Killed Duvessa
  8607 | D:4      | Killed Dowan
  8750 | D:10     | Entered Level 10 of the Dungeon
  8751 | D:10     | Found a shadowy altar of Dithmenos.
  8833 | D:10     | Found a staircase to the Lair.
  8838 | D:10     | Noticed Urug
  8874 | D:10     | Found a flagged portal.
  8888 | Bailey   | Entered a bailey
  8937 | Bailey   | Noticed an orc knight
  8951 | Bailey   | Killed an orc knight
  9157 | Bailey   | Found a large runed translucent door.
  9157 | Bailey   | Found a large runed translucent door.
  9158 | Bailey   | Noticed a deep elf pyromancer
  9243 | Bailey   | Killed a deep elf pyromancer
  9249 | Bailey   | Identified the staff of Resourcefulness {rC+ Conj Hexes}
  9263 | Bailey   | Identified the +11 chain mail of Makhleb's Reproof {rElec
                  | Int+3}
  9600 | D:10     | Found a radiant altar of Vehumet.
  9602 | D:10     | Found a burning altar of Makhleb.
  9690 | D:11     | Noticed Amaemon
  9715 | D:11     | Reached skill level 11 in Fighting
  9726 | D:11     | Noticed Sonja
  9826 | D:11     | Found a frozen archway.
  9835 | IceCv    | Entered an ice cave
 10002 | IceCv    | Noticed a death yak
 10011 | IceCv    | Killed a death yak
 10155 | IceCv    | Noticed a death yak
 10168 | IceCv    | Killed a death yak
 10169 | IceCv    | Reached XP level 12. HP: 50/81 MP: 8/12
 10329 | IceCv    | Noticed a death yak
 10329 | IceCv    | Noticed a frost giant
 10641 | IceCv    | Killed a frost giant
 10642 | IceCv    | Reached skill level 12 in Fighting
 10642 | IceCv    | Reached skill level 1 in Invocations
 10661 | IceCv    | Killed a death yak
 10985 | IceCv    | Noticed a death yak
 10993 | IceCv    | Killed a death yak
 11353 | D:11     | Reached **** piety under Hepliaklqana
 11436 | D:11     | Noticed Snorg
 11445 | D:11     | Killed Snorg
 11451 | D:11     | Reached skill level 5 in Invocations
 11840 | D:11     | Noticed a boulder beetle
 12176 | D:11     | Sonja changed into Sonja the yak
 12176 | D:11     | Noticed Sonja
 12179 | D:11     | Killed Sonja the yak
 12595 | D:10     | Killed Amaemon
 12631 | D:10     | Killed Urug
 12766 | Lair:1   | Entered Level 1 of the Lair of Beasts
 12807 | Lair:1   | Reached XP level 13. HP: 87/87 MP: 17/17
 12840 | Lair:1   | Reached skill level 5 in Shields
 13024 | Lair:1   | You fall into a shaft and drop 1 floor!
 13138 | Lair:2   | Reached skill level 5 in Evocations
 13693 | Lair:2   | Found a staircase to the Shoals.
 13885 | Lair:2   | Reached ***** piety under Hepliaklqana
 14212 | Lair:2   | Found a burning altar of Makhleb.
 14553 | Lair:1   | Identified the ring of Muxamnib {rC+ rN++ Str-4 Int+2}
 14566 | Lair:1   | Reached skill level 10 in Dodging
 15838 | Lair:3   | Paralysed by a hornet for 2 turns
 16208 | Lair:3   | Found a staircase to the Snake Pit.
 16291 | Lair:3   | Reached skill level 15 in Long Blades
 16445 | Lair:3   | Reached XP level 14. HP: 50/92 MP: 11/18
 17994 | Lair:5   | Entered Level 5 of the Lair of Beasts
 18434 | Lair:5   | Reached skill level 13 in Fighting
 18913 | Lair:5   | Noticed Kirke
 18915 | Lair:5   | Noticed a sphinx
 18921 | Lair:5   | Killed Kirke
 19024 | Lair:5   | Reached skill level 14 in Fighting
 19502 | Lair:5   | Found a staircase to the Slime Pits.
 20188 | D:12     | Reached XP level 15. HP: 95/101 MP: 17/19
 20243 | D:12     | Found a roughly hewn altar of Beogh.
 20243 | D:12     | Found a staircase to the Orcish Mines.
 20415 | D:12     | Reached ****** piety under Hepliaklqana
 20919 | D:13     | Reached skill level 10 in Shields
 21640 | D:13     | You fall into a shaft and drop 2 floors!
 21640 | D:15     | Entered Level 15 of the Dungeon
 22191 | D:14     | Found a gate to the Vaults.
 22391 | D:14     | Found a runed translucent gate.
 22392 | D:14     | Found a runed translucent gate.
 22392 | D:14     | Found a runed translucent gate.
 22392 | D:14     | Found an opulent altar of Gozag.
 22513 | D:14     | Noticed Louise
 23061 | D:14     | Noticed Demei's ghost (journeyman MfGl)
 23734 | D:13     | Found Celiaciu's Magic Scroll Shop.
 23786 | D:13     | Bought a scroll of blinking for 112 gold pieces
 23786 | D:13     | Bought a scroll of acquirement for 780 gold pieces
 23786 | D:13     | Acquired the ring of Trepidation {rElec rPois Will+ MP+9}
 23790 | D:13     | Bought a scroll of teleportation for 45 gold pieces
 23790 | D:13     | Bought a scroll of silence for 142 gold pieces
 24643 | D:13     | Found Celiaciu's Magic Scroll Shop.
 25109 | D:15     | Found a broken altar of Ashenzari.
 25361 | D:15     | Reached XP level 16. HP: 105/107 MP: 20/20
 25926 | D:15     | Reached skill level 15 in Shields
 25955 | D:15     | Reached skill level 1 in Shapeshifting
 26331 | D:15     | Found a staircase to the Depths.
 26580 | Orc:1    | Entered Level 1 of the Orcish Mines
 26624 | Orc:1    | Found a roughly hewn altar of Beogh.
 27050 | Orc:2    | Entered Level 2 of the Orcish Mines
 27167 | Orc:2    | Reached skill level 5 in Shapeshifting
 27554 | Orc:2    | Found a staircase to the Elven Halls.
 28050 | Orc:2    | Found a roughly hewn altar of Beogh.
 28089 | Orc:2    | Found Yffum's Armour Boutique.
 28101 | Orc:2    | Found Jicietz's Distillery.
 28161 | Orc:2    | Bought a potion of curing for 48 gold pieces
 28161 | Orc:2    | Bought a potion of heal wounds for 80 gold pieces
 28161 | Orc:2    | Bought 2 potions of curing for 96 gold pieces
 28161 | Orc:2    | Bought a potion of haste for 160 gold pieces
 28694 | Orc:2    | Found a roughly hewn altar of Beogh.
 28886 | Orc:2    | Found Lovigguk's General Store.
 28897 | Orc:2    | Bought a scroll of enchant weapon for 97 gold pieces
 28917 | Orc:2    | Found Qaothius's Assorted Antiques.
 28970 | Orc:2    | Bought a potion of curing for 93 gold pieces
 28970 | Orc:2    | Bought a white potion for 27 gold pieces
 28970 | Orc:2    | Bought a moonstone ring for 155 gold pieces
 28970 | Orc:2    | Bought a smoking iron ring for 155 gold pieces
 28970 | Orc:2    | Identified the ring "Essao" {Ice Fly rPois Will+ Dex-2}
                  | (You bought it in a shop on level 2 of the Orcish Mines)
 29364 | D:5      | Killed YordlordTheGreat's ghost
 29594 | Elf:1    | Entered Level 1 of the Elven Halls
 30103 | Elf:1    | Acquired a manual of Shields
 30496 | Elf:1    | Found Hiharej's Book Shoppe.
 30504 | Elf:1    | Reached XP level 17. HP: 106/112 MP: 21/21
 30661 | Elf:1    | Got the Directory of Momentum
 30827 | Elf:1    | Paralysed by an air elemental for 1 turns
 30863 | Elf:1    | Learned a level 2 spell: Lesser Beckoning
 31094 | Elf:2    | Reached skill level 1 in Translocations
 31126 | Elf:2    | Reached skill level 1 in Spellcasting
 31307 | Elf:2    | Reached skill level 10 in Shapeshifting
 31466 | Elf:2    | Found a large runed translucent door.
 31466 | Elf:2    | Found a large runed translucent door.
 31493 | Elf:2    | Found a large runed translucent door.
 31493 | Elf:2    | Found a large runed translucent door.
 31575 | Abyss:3  | Cast into level 3 of the Abyss (a deep elf sorcerer)
 31583 | Abyss:3  | Found a corrupted altar of Lugonu.
 31593 | Abyss:3  | Found a corrupted altar of Lugonu.
 31594 | Abyss:3  | Noticed a tentacled starspawn
 31615 | Abyss:3  | Killed a tentacled starspawn
 31669 | Abyss:3  | Found a corrupted altar of Lugonu.
 31689 | Abyss:3  | Found a corrupted altar of Lugonu.
 31709 | Abyss:3  | Gained mutation: You are clumsy. (Dex -2) [a neqoxec]
 31798 | Abyss:3  | Gained mutation: You are dopey. (Int -2) [a neqoxec]
 31946 | Abyss:3  | Noticed a tentacled starspawn
 31952 | Abyss:3  | Killed a tentacled starspawn
 32049 | Elf:2    | Escaped the Abyss
 32499 | Elf:3    | Entered Level 3 of the Elven Halls
 32625 | Elf:3    | Reached skill level 15 in Fighting
 32836 | Elf:3    | Identified the +3 short sword of Sulphur {spect, ^Drain
                  | rElec rC+}
 34113 | Elf:3    | Noticed a deep elf blademaster
 34124 | Elf:3    | Killed a deep elf blademaster
 34125 | Elf:3    | Reached skill level 5 in Stealth
 34451 | Elf:3    | Noticed a deep elf master archer
 34452 | Elf:3    | Reached XP level 18. HP: 120/120 MP: 23/23
 34455 | Elf:3    | Killed a deep elf master archer
 34610 | Elf:3    | Identified the +9 morningstar of Omom {speed, Int+4}
 34937 | Elf:3    | Noticed a deep elf blademaster
 34959 | Elf:3    | Killed a deep elf blademaster
 36375 | Elf:3    | Identified the ring "Jalueguc" {Ice rElec}
 36579 | Elf:3    | Identified the +2 morningstar "Xoum" {flame, Str-5 Dex+5
                  | SInv}
 37015 | Elf:3    | Got Sif Muna's Codex of Inhalation and Incandescence
 37017 | Elf:3    | Got Fyiseoqi's Octavo of the Xenolith and Displacement
 37134 | Elf:3    | Identified the +4 orcbow of Focus {heavy, Dex+4}
 37138 | Elf:3    | Identified the +7 shortbow of Invincibility {heavy, rC-
                  | rN++ Int+3 Dex+3}
 37141 | Elf:3    | Identified the +7 triple crossbow of the Vase {heavy, rN+
                  | Will+ Int+2}
 37456 | Elf:3    | Noticed a deep elf master archer
 37461 | Elf:3    | Killed a deep elf master archer
 37702 | Elf:3    | Reached skill level 16 in Fighting
 38120 | Elf:3    | Learned a level 4 spell: Vhi's Electric Charge
 38351 | Lair:2   | Noticed Gastronok
 38399 | Lair:2   | Killed Gastronok
 38572 | Snake:1  | Entered Level 1 of the Snake Pit
 39244 | Snake:1  | You fall into a shaft and drop 1 floor!
 39304 | Snake:2  | Identified the serpent talisman "Sun Xuock" {Dex+3 Stlth+}
 39304 | Snake:2  | Noticed Aizul
 39320 | Snake:2  | Killed Aizul
 39799 | Snake:2  | Reached skill level 17 in Fighting
 39954 | Snake:1  | Found Fiec's Distillery.
 39956 | Snake:1  | Found Qylim's Distillery.
 39959 | Snake:1  | Found Kyphuke's Weapon Emporium.
 39962 | Snake:1  | Bought a potion of curing for 48 gold pieces
 39962 | Snake:1  | Bought a potion of resistance for 160 gold pieces
 39973 | Snake:1  | Bought a potion of curing for 36 gold pieces
 39973 | Snake:1  | Bought a potion of heal wounds for 60 gold pieces
 40045 | Snake:1  | Reached XP level 19. HP: 129/129 MP: 25/25
 41895 | Snake:3  | Found a shimmering blue altar of Sif Muna.
 41991 | Snake:4  | Entered Level 4 of the Snake Pit
 42025 | Snake:4  | Reached skill level 18 in Fighting
 42812 | Snake:4  | Reached skill level 19 in Fighting
 42959 | Snake:4  | Got a serpentine rune of Zot
 43726 | Shoals:1 | Entered Level 1 of the Shoals
 43777 | Shoals:1 | Reached XP level 20. HP: 140/140 MP: 26/26
 43885 | Shoals:1 | Found a transporter.
 43887 | Shoals:1 | Found a transporter.
 44446 | Shoals:2 | Reached skill level 20 in Fighting
 45219 | Shoals:3 | Upgraded the game from 0.32-a0-460-gc8eefc90e7 to
                  | 0.32-a0-470-g255bbe2f98
 45573 | Shoals:4 | Entered Level 4 of the Shoals
 45578 | Shoals:4 | Reached skill level 1 in Necromancy
 45580 | Shoals:4 | Reached skill level 1 in Earth Magic
 45984 | Shoals:4 | Found Atzocw's Weapon Shoppe.
 46203 | Shoals:4 | Got a barnacled rune of Zot
 46843 | D:13     | Bought a scroll of torment for 142 gold pieces
 46843 | D:13     | Bought a scroll of revelation for 112 gold pieces
 46939 | D:7      | Killed ballabu's ghost
 47122 | D:14     | Killed Louise
 47184 | D:14     | Killed Demei's ghost
 47413 | Shoals:1 | Noticed LDflipp's ghost (adept KoEn)
 47462 | Shoals:1 | Reached XP level 21. HP: 95/148 MP: 28/28
 47484 | Shoals:1 | Reached skill level 5 in Spellcasting
 47531 | Shoals:1 | Killed LDflipp's ghost
 47535 | Shoals:1 | Identified the ring of Xehuon {Fire Slay+5}
 47540 | Shoals:1 | Got the Tome of the Chill and Mischance
 47557 | Shoals:1 | Learned a level 3 spell: Ozocubu's Armour
 47730 | Vaults:1 | Entered Level 1 of the Vaults
 47855 | Vaults:1 | Reached skill level 1 in Ice Magic
 48006 | Vaults:1 | Reached skill level 5 in Earth Magic
 48009 | Vaults:1 | Reached skill level 5 in Necromancy
 48533 | Vaults:1 | Identified the +2 war axe "Rakecwao" {freeze, rElec rPois
                  | Will-}
 48635 | Vaults:1 | Acquired the ring "Bomepnay" {rPois rC+ MP+9 Str+3 Slay+4}
 49088 | Vaults:2 | Reached skill level 1 in Air Magic
 49264 | Vaults:2 | Identified the orb of the Hurricane {light, rPois}
 49264 | Vaults:2 | Noticed Frederick
 49274 | Vaults:2 | Killed Frederick
 49466 | Vaults:2 | Reached skill level 5 in Translocations
 49647 | Vaults:2 | Reached skill level 5 in Ice Magic
 49777 | Vaults:2 | Reached XP level 22. HP: 154/154 MP: 31/31
 50146 | Vaults:2 | Found Kiutrag's Weapon Shoppe.
 50248 | Vaults:2 | Noticed Norris
 50258 | Vaults:2 | Killed Norris
 50383 | Vaults:2 | Noticed Jory
 50396 | Vaults:2 | Killed Jory
 50891 | Vaults:3 | Found a portal to a secret trove of treasure.
 50940 | Trove    | Entered a treasure trove
 50979 | Trove    | Found the amulet of the Air {Inacc Air Fly rElec RMsl}
 50994 | Trove    | Identified the ring "Etwymarph" {*Slow rPois rN+ rCorr
                  | Dex+3}
 51017 | Trove    | Identified the ring "Letraur" {rPois rC+ Will+ Int+5
                  | Slay-5}
 51020 | Trove    | Identified the ring "Teix" {rF+ EV+5 Str+3 Slay+2 Stlth+}
 51024 | Trove    | Identified the ring of Yhabyt {rN++ rCorr Int+3}
 51028 | Trove    | Identified the ring of Departure {rPois Dex+3 Stlth+}
 51206 | Vaults:3 | Found a staircase to the Crypt.
 52649 | Vaults:4 | Found a runed translucent door.
 52725 | Vaults:4 | Reached XP level 23. HP: 161/161 MP: 32/32
 52906 | Vaults:4 | Noticed Margery
 52922 | Vaults:4 | Killed Margery
 53436 | D:13     | Bought a scroll of identify for 30 gold pieces
 53530 | Depths:1 | Entered Level 1 of the Depths
 53573 | Depths:1 | Found a one-way gateway to a ziggurat.
 53662 | Depths:1 | Found a gateway to Hell.
 53672 | Depths:1 | Reached skill level 15 in Shapeshifting
 53866 | Depths:1 | Found the +6 Majin-Bo {spellvamp, MP+6 Int+6}
 54294 | Depths:2 | Found a one-way gate leading to the halls of Pandemonium.
 54375 | Depths:2 | Reached skill level 5 in Air Magic
 54805 | Depths:2 | Noticed a golden dragon
 54808 | Depths:2 | Killed a golden dragon
 54834 | Depths:2 | Identified the +2 spear of Starshine {holy, rC+ Int+2
                  | Stlth+}
 55408 | Depths:3 | Reached skill level 21 in Fighting
 55410 | Depths:3 | Reached skill level 15 in Dodging
 55487 | Depths:3 | Reached XP level 24. HP: 168/168 MP: 32/32
 55541 | Depths:3 | Noticed a caustic shrike
 55543 | Depths:3 | Killed a caustic shrike
 55915 | Depths:3 | You fall into a shaft and drop 1 floor!
 55915 | Depths:4 | Entered Level 4 of the Depths
 55928 | Depths:4 | Found a gate to the Realm of Zot.
 56135 | Depths:4 | Acquired the ring "Ofier" {rF+ rN+ rCorr Dex+3}
 56268 | Depths:4 | Found a one-way gate to the infinite horrors of the Abyss.
 56347 | Depths:4 | Noticed Grunn
 56365 | Depths:4 | Killed Grunn
 56598 | Depths:4 | Noticed Parghit
 56764 | Depths:4 | Found a runed translucent door.
 56775 | Depths:4 | Found a runed translucent door.
 56781 | Depths:4 | Noticed an ancient lich
 56781 | Depths:4 | Noticed Huzoalasm's ghost (veteran KoBr)
 56815 | Depths:4 | Noticed Sojobo
 56824 | Depths:4 | Killed Sojobo
 56854 | Depths:4 | Found a shadowy altar of Dithmenos.
 56961 | Depths:4 | Identified the amulet of Noon {Faith rN+ MP+9 Dex+3}
 57905 | Elf:1    | Learned a level 4 spell: Passage of Golubria
 57905 | Elf:1    | Bought Great Wizards, Vol. II for 684 gold pieces
 57911 | Elf:1    | Learned a level 5 spell: Borgnjor's Vile Clutch
 57911 | Elf:1    | Bought a book of Minor Magic for 288 gold pieces
 57914 | Elf:1    | Learned a level 2 spell: Blink
 58149 | Elf:2    | Reached skill level 10 in Invocations
 58422 | Orc:2    | Bought a potion of magic for 128 gold pieces
 58422 | Orc:2    | Bought a potion of curing for 48 gold pieces
 58422 | Orc:2    | Bought a potion of enlightenment for 80 gold pieces
 58422 | Orc:2    | Bought a potion of lignification for 48 gold pieces
 58662 | Snake:1  | Bought a potion of enlightenment for 80 gold pieces
 58662 | Snake:1  | Bought a potion of mutation for 128 gold pieces
 58664 | Snake:1  | Bought a potion of mutation for 96 gold pieces
 58664 | Snake:1  | Bought a potion of ambrosia for 96 gold pieces
 58664 | Snake:1  | Bought a potion of magic for 96 gold pieces
 58664 | Snake:1  | Bought a potion of enlightenment for 60 gold pieces
 58912 | Orc:2    | Bought a phantom mirror for 1240 gold pieces
 59198 | Vaults:5 | Entered Level 5 of the Vaults
 59215 | Vaults:4 | Reached XP level 25. HP: 172/172 MP: 33/33
 59442 | Vaults:5 | Identified the +0 falchion of Makhleb's Hope {flame, rElec
                  | rPois Str+4 Dex-3}
 59702 | Vaults:5 | Noticed a dread lich
 59707 | Vaults:5 | Killed a dread lich
 59831 | Vaults:5 | Got a silver rune of Zot
 60098 | Vaults:5 | Reached skill level 10 in Necromancy
 60098 | Vaults:5 | Reached skill level 10 in Earth Magic
 60207 | Vaults:5 | Noticed an ancient lich
 60214 | Vaults:5 | Killed an ancient lich
 60364 | Vaults:5 | Found Lairghou's Magic Scroll Boutique.
 60377 | Vaults:5 | Bought a scroll of fog for 68 gold pieces
 60377 | Vaults:5 | Bought a scroll of silence for 161 gold pieces
 60377 | Vaults:5 | Bought a scroll of fog for 68 gold pieces
 60377 | Vaults:5 | Bought a scroll of enchant weapon for 127 gold pieces
 60377 | Vaults:5 | Bought a scroll of teleportation for 51 gold pieces
 60385 | Vaults:5 | Found Sotaha's Distillery.
 60385 | Vaults:5 | Found Moleafi's Distillery.
 60404 | Vaults:5 | Bought a potion of curing for 39 gold pieces
 60404 | Vaults:5 | Bought a potion of haste for 130 gold pieces
 60404 | Vaults:5 | Bought a potion of might for 52 gold pieces
 60404 | Vaults:5 | Bought a potion of resistance for 130 gold pieces
 60404 | Vaults:5 | Bought a potion of haste for 130 gold pieces
 60404 | Vaults:5 | Bought a potion of might for 52 gold pieces
 60411 | Vaults:5 | Bought a potion of curing for 42 gold pieces
 60411 | Vaults:5 | Bought a potion of cancellation for 112 gold pieces
 60411 | Vaults:5 | Bought a potion of heal wounds for 70 gold pieces
 60411 | Vaults:5 | Bought a potion of heal wounds for 70 gold pieces
 60418 | Vaults:5 | Found Kergh's Magic Scroll Shop.
 61101 | Zot:1    | Entered Level 1 of the Realm of Zot
 61188 | Zot:1    | Reached XP level 26. HP: 179/179 MP: 34/34
 61233 | Zot:1    | Reached skill level 10 in Air Magic
 61237 | Zot:1    | Reached skill level 10 in Translocations
 61386 | Zot:3    | Identified the +8 battleaxe "Heph" {chaos, *Noise rC+
                  | Stlth+}
 61386 | Zot:3    | Identified the +1 chain mail "Kuemoc" {rC+ Will+ Str+3}
 61398 | Zot:3    | Found a large runed translucent door.
 61398 | Zot:3    | Found a large runed translucent door.
 61399 | Zot:3    | Found a large runed translucent door.
 61400 | Zot:3    | Found a shimmering altar of Xom.
 61557 | Zot:3    | Noticed a Killer Klown
 61558 | Zot:3    | Identified the +2 great sword "Ufiucs" {chaos, Dex+5}
 61558 | Zot:3    | Identified the +3 scale mail "Damnable Contraption" {rC+
                  | rN+ Dex-2}
 61560 | Zot:3    | Killed a Killer Klown
 61624 | Zot:3    | Identified the +9 great sword "Nuqusch" {chaos, rCorr
                  | Stlth+}
 61624 | Zot:3    | Identified the +2 scale mail of Rationality {rElec rF+ MP+9
                  | Dex-2}
 61630 | Zot:3    | Noticed a Killer Klown
 61636 | Zot:3    | Killed a Killer Klown
 61639 | Zot:3    | Found a large runed translucent door.
 61639 | Zot:3    | Found a large runed translucent door.
 61639 | Zot:3    | Found a large runed translucent door.
 61639 | Zot:3    | Identified the +5 battleaxe "Ygan" {chaos, Str+3}
 61639 | Zot:3    | Identified the +0 chain mail "Semmab" {Regen+}
 61668 | Zot:3    | Found a large runed translucent door.
 61668 | Zot:3    | Found a large runed translucent door.
 61668 | Zot:3    | Identified the +12 glaive of Gekile Cai {chaos, rN+ Str+2
                  | Int+3}
 61668 | Zot:3    | Identified the +5 ring mail "Hyckod" {Str+3}
 61669 | Zot:3    | You fall into a shaft and drop 1 floor!
 62191 | Zot:5    | Entered Level 5 of the Realm of Zot
 62522 | Zot:5    | Reached skill level 10 in Evocations
 62897 | Zot:5    | Killed a dread lich
 62900 | Zot:5    | Reached XP level 27. HP: 184/184 MP: 35/35
 62969 | Zot:5    | Noticed an ancient lich
 62978 | Zot:5    | Killed an ancient lich
 63041 | Zot:5    | Noticed an orb of fire
 63043 | Zot:5    | Noticed a dread lich
 63055 | Zot:5    | Killed a dread lich
 63059 | Zot:5    | Killed an orb of fire
 63216 | Zot:5    | Noticed a dread lich
 63218 | Zot:5    | Killed a dread lich
 63362 | Zot:5    | Noticed an orb of fire
 63367 | Zot:5    | Noticed a dread lich
 63368 | Zot:5    | Killed an orb of fire
 63368 | Zot:5    | Noticed a dread lich
 63369 | Zot:5    | Noticed a dread lich
 63372 | Zot:5    | Killed a dread lich
 63373 | Zot:5    | Noticed an ancient lich
 63377 | Zot:5    | Killed a dread lich
 63471 | Zot:5    | Killed an ancient lich
 63532 | Zot:5    | Killed a dread lich
 63724 | Zot:5    | Noticed an ancient lich
 63733 | Zot:5    | Killed an ancient lich
 64085 | Zot:5    | Lost mutation: You are dopey. (Int -2) [potion of mutation]
 64085 | Zot:5    | Lost mutation: You are clumsy. (Dex -2) [potion of
                  | mutation]
 64085 | Zot:5    | Gained mutation: Your body sometimes deteriorates upon
                  | taking damage. [potion of mutation]
 64085 | Zot:5    | Gained mutation: You are robust. (+10% HP) [potion of
                  | mutation]
 64101 | Zot:5    | Got the Orb of Zot
 64213 | Depths:4 | Noticed Fiodegug the pandemonium lord
 64233 | Depths:3 | Noticed Voppeg the pandemonium lord
 64522 | D:4      | Noticed Goesch the pandemonium lord
 64560 | D:$      | Escaped with the Orb!

Illustrated notes

Levels and vault maps discovered:
D:1:      ldierk_walled_garden, layout_basic, serial_shops,
          nicolae_shop_tiny_real_fake_doors,
          shapermc_ecumenical_altar_notcrosses
D:2:      layout_basic, minmay_misc_feat_chi, uniq_natasha
D:3:      layout_rooms, lemuel_doored_altar, nicolae_kikubaaqudgha_miasma_corner
D:4:      nicolae_BIG_FREAKIN_CUBE, layout_loops_ring,
          mainiacjoe_overflow_alcove_4, uniq_duvessa
D:5:      layout_basic, temple_fountains, gammafunk_ghost_smash, minivault_27
D:6:      layout_rooms, hangedman_decor_clover_reticule, uniq_crazy_yiuf_cottage
D:7:      layout_loops_ring, cheibriados_altar_1, ebering_ghost_xom
D:8:      layout_rooms, serial_shops, nicolae_shop_hallway_plus,
          kennysheep_small_spiral, uniq_prince_ribbit1, uniq_erica
D:9:      layout_cave_pools, mainiacjoe_overflow_alcove_2,
          mainiacjoe_overflow_big_doors
D:10:     layout_gridville, nicolae_overflow_hidden_temple, lair_entry_dummy,
          enter_bailey_7, uniq_urug
D:11:     layout_stronghold, portal_ice_cave_entry_ice_simulacra,
          minmay_fire_ice_demons, uniq_sonja, uniq_snorg, uniq_amaemon
D:12:     layout_small_grid, david_orc_5
D:13:     minmay_triangles_in_corner, layout_basic, serial_shops, shop,
          drop_trap
D:14:     layout_loops_ring, hellmonk_vaults_order_and_chaos,
          nicolae_two_hexagons, ebering_ghost_gozag, minmay_misc_feat_rugged,
          uniq_louise
D:15:     hellmonk_depths_entry_around_the_bend, layout_irregular_city,
          minmay_misc_feat_more_columns, serial_glass, glass_columns_a,
          glass_columns_c, item_on_display_a, feat_on_display,
          item_on_display_a, item_on_display_a, evilmike_ruin_ashenzari
Lair:1:   layout_loops_ring, pdpol_lair_neglected_garden, grunt_megastairs_3
Lair:2:   layout_gridlike, mainiacjoe_shoals_entry_four_pools,
          lemuel_centaur_altar, uniq_gastronok
Lair:3:   layout_gridlike, alex1729_snake_entry_snake, st_stairs_11
Lair:4:   layout_regular_city
Lair:5:   minmay_lair_end_frog_pond, layout_small_grid,
          minmay_slime_entry_pillars, uniq_kirke
Shoals:1: layout_shoals, ebering_ghost_davey_jones
Shoals:2: layout_shoals
Shoals:3: layout_shoals
Shoals:4: shoals_end_hangedman, layout_shoals, serial_shops,
          nicolae_shop_tiny_real_fake_doors
Snake:1:  layout_chambers, evilmike_ambush [evilmike_ambush_outer_basic,
          evilmike_ambush_inner_pond], minmay_shop_star
Snake:2:  layout_onion_interference, grunt_megastairs_4, uniq_aizul
Snake:3:  layout_basic, serial_library, serial_library_hellmonk_open_cross,
          serial_library_hellmonk_reading_circle,
          serial_library_hellmonk_recessed_alcove,
          serial_library_hellmonk_recessed_alcove,
          serial_library_hellmonk_statue_hall,
          serial_library_hellmonk_long_bookcase,
          serial_library_regret_index_turning,
          serial_library_regret_index_multi,
          serial_library_regret_index_small_wings,
          nicolae_snake_guarding_the_ruins
Snake:4:  grunt_snake_rune_pools, layout_cave_town,
          nicolae_snake_gridmaze_spiral, serial_bayou_shore_a
Orc:1:    layout_caves, basic_altar
Orc:2:    pubby_orc_utopia
Elf:1:    eino_elf_arrival_the_gate, layout_onion_city, serial_shops,
          nicolae_shop_hallway_plus, minmay_elf_annihilation, drop_trap
Elf:2:    elven_hall_of_blades_hangedman_alternative
          [nicolae_blade_entry_splitting_headache], layout_geoelf_octagon
Elf:3:    minmay_elf_hall_dome, layout_onion_city
Vaults:1: vaults_mumra_minichess, vaults_dpeg_encased_lava,
          nicolae_vaults_wine_cellar, nooodl_orcs_dogs,
          nicolae_vaults_closet_pinwheel_3, vaults_dpeg_hooks,
          nicolae_vaults_weapon_check, nicolae_vaults_spaceships,
          layout_vaults_big_room
Vaults:2: nicolae_vaults_octagons, nicolae_vaults_heart-shaped_vault,
          nicolae_vaults_puzzle_piece, ontoclasm_vaults_ring_small, v_misc_16,
          nicolae_vaults_turnstiles, nicolae_vaults_storage_room_water,
          nicolae_vaults_trapezoid_lopsided_1, nicolae_vaults_more_shelving_1,
          nicolae_vaults_asterisk, v_misc_1, ontoclasm_vaults_tryst,
          nicolae_vaults_variable_pillar_hall, layout_vaults_maze_snakey,
          serial_shops, nicolae_shop_bloodbath_and_beyond, uniq_jory,
          uniq_norris, uniq_frederick
Vaults:3: nicolae_vaults_storage_closets_3, hangedman_vaults_corner_blocks,
          nicolae_vaults_mitosis, blue_anna_dwarven_crypt,
          nicolae_vaults_little_ls, nicolae_vaults_tetromino_T_2,
          layout_vaults_omnigrid, enter_trove_0
Vaults:4: vaults_room_door_ring, lightli_orcish_oven,
          nicolae_vaults_yaktaur_gun_rack, nicolae_vaults_stairing_the_circle,
          nicolae_vaults_shrinking_rooms_1, nicolae_vaults_oozy_zoo, v_misc_3,
          ontoclasm_vaults_gateway, nicolae_vaults_mini_display_case,
          ontoclasm_vaults_bender, ontoclasm_vaults_hangar,
          vaults_dpeg_diagonal, layout_vaults_ring, uniq_margery
Vaults:5
Depths:1: minmay_guarded_unrand_majin_bo, layout_cave_pools, enter_ziggurat_f,
          hangedman_geh_valley, serial_bayou_lake_a
Depths:2: evilmike_pillar_path, layout_gridville, pan_entry,
          grunt_hell_entry_dis_mu, roderic_roman_lattice
Depths:3: minmay_complete_graph, layout_gridville, abyss_entry,
          minmay_misc_feat_tower, hangedman_coc_ice_floe
Depths:4: evilmike_zot_entry_round, layout_basic,
          nicolae_abyss_entry_one_way_or_another, hell_entry,
          grunt_dithmenos_smoke, muffindrake_ghost_dual_entry,
          serial_library_regret_index_headful, uniq_grunn, uniq_sojobo,
          uniq_parghit
Zot:1:    regret_index_zot_pan_timeshare, layout_misc_corridors,
          hangedman_zot_diagonal_lockstep
Zot:2:    bobbens_index_wilting_gardens, layout_basic, lemuel_elevator
Zot:3:    layout_cellular_growth, regret_index_zotdec_onion_hex,
          gammafunk_ghost_wrathful_warriors, hangedman_xom_zot_hilarity
Zot:4:    layout_twisted_circle, regret_index_zotdec_banners
Zot:5:    layout_misc_corridors, grunt_ministairs_2

Skill      XL: |  1  2  3  4  5  6  7  8  9 10 11 12 13 14 15 16 17 18 19 20 21 22 23 24 25 26 27 |
---------------+----------------------------------------------------------------------------------+-----
Stealth        | 1 2 3 5 6 |  6.2
Fighting       | 3 4 5 7 9 11 12 14 15 17 19 20 21 | 21.0
Dodging        | 2 3 5 6 8 9 11 12 13 14 15 18 | 18.0
Shields        | 2 3 4 5 9 14 15 16 17 20 | 20.2
Long Blades    | 2 4 8 9 10 11 12 15 17 20 | 20.5
Evocations     | 1 3 4 5 7 10 13 | 13.8
Invocations    | 5 6 8 9 10 11 | 11.0
Shapeshifting  | 9 10 13 16 | 16.0
Translocations | 4 5 6 7 9 10 | 10.7
Spellcasting   | 3 4 6 7 8 |  8.0
Necromancy     | 4 6 7 8 10 11 | 11.3
Earth Magic    | 4 6 7 8 10 11 | 11.4
Ice Magic      | 5 6 |  6.1
Air Magic      | 3 4 6 7 9 10 | 10.8
Maces & Flails | |  3.0
Unarmed Combat | |  3.0

Action                     |  1- 3 |  4- 6 |  7- 9 | 10-12 | 13-15 | 16-18 | 19-21 | 22-24 | 25-27 || total
---------------------------+-------+-------+-------+-------+-------+-------+-------+-------+-------++-------
  Melee: Mace              |    60 |    57 |       |       |       |       |       |       |       ||   117
         Constrict         |    17 |    26 |    22 |    33 |   111 |   183 |   192 |   167 |   122 ||   873
         Tentacles         |     5 |    26 |    34 |    77 |   230 |   274 |   358 |   368 |   266 ||  1638
         Scimitar          |       |    11 |       |   179 |    53 |     3 |       |       |       ||   246
         Falchion          |       |       |   113 |       |       |       |       |       |       ||   113
         Demon blade       |       |       |       |    91 |   687 |   856 |  1005 |   944 |   676 ||  4259
         Maw               |       |       |       |       |       |   239 |   489 |   246 |       ||   974
  Throw: Dart              |       |     7 |     9 |    18 |    13 |     8 |     1 |     1 |       ||    57
   Cast: Vhi's Electric Ch |       |       |       |       |       |       |       |     1 |    16 ||    17
         Borgnjor's Vile C |       |       |       |       |       |       |       |       |     1 ||     1
 Invoke: Recall Ancestor   |       |       |    10 |    10 |    17 |    17 |     7 |     3 |    18 ||    82
         Ancestor Life: Ba |       |       |     1 |       |       |       |       |       |       ||     1
         Idealise          |       |       |       |       |     3 |     9 |     8 |     2 |     5 ||    27
  Evoke: Wand              |       |     4 |     7 |    10 |    18 |    10 |       |     3 |    10 ||    62
         Sack of spiders   |       |       |       |       |     1 |     2 |       |       |     1 ||     4
         Tin of tremorston |       |       |       |       |       |       |       |       |     2 ||     2
    Use: Scroll            |     2 |     4 |       |    10 |    12 |    13 |     6 |     7 |    17 ||    71
         Potion            |       |     1 |       |     5 |     4 |     7 |     2 |     2 |     9 ||    30
   Stab: Sleeping          |       |     2 |     2 |     3 |    11 |    14 |     9 |    13 |     2 ||    56
         Distracted        |       |     1 |       |     9 |    17 |    13 |    35 |    33 |    21 ||   129
         Invisible         |       |       |       |       |     1 |     3 |    12 |       |     7 ||    23
         Betrayed ally     |       |       |       |       |     1 |       |       |       |       ||     1
         Held in net/web   |       |       |       |       |       |       |       |       |     1 ||     1
 Armour: Skin              |    31 |    30 |    64 |    94 |   172 |   170 |   159 |   148 |   190 ||  1058
  Dodge: Dodged            |    32 |    49 |    64 |   166 |   299 |   172 |   396 |   529 |   779 ||  2486
  Block: Buckler           |     9 |    10 |    19 |    65 |   114 |       |       |       |       ||   217
         Tower shield      |       |       |       |       |   187 |   714 |  1313 |  1240 |  1185 ||  4639
   Form: Maw               |       |       |       |       |       |     1 |       |       |       ||     1
         Statue            |       |       |       |       |       |       |       |     1 |       ||     1

Table legend: (Time is in decaauts)
 A = Elapsed time spent in this place.
 B = Non-inter-level travel time spent in this place.
 C = Inter-level travel time spent in this place.
 D = Time resting spent in this place.
 E = Time spent auto-exploring this place.
 F = Levels seen in this place.
 G = Mean time per level.
                   A        B        C        D        E       F      G
               +--------+--------+--------+--------+--------+-----+--------+
         Total |  70679 |  62217 |   8462 |  14244 |  33433 |  51 | 1385.9 |
       Dungeon |  19750 |  16251 |   3499 |   4062 |   8573 |  15 | 1316.7 |
          Lair |   7888 |   6830 |   1058 |   1628 |   3953 |   5 | 1577.6 |
        Shoals |   3282 |   3037 |    245 |     96 |   2004 |   4 |  820.5 |
     Snake Pit |   5376 |   5019 |    357 |    564 |   3500 |   4 | 1344.0 |
  Orcish Mines |   3548 |   2834 |    714 |    856 |   1443 |   2 | 1774.0 |
   Elven Halls |   8532 |   7938 |    594 |   3498 |   3299 |   3 | 2844.0 |
        Vaults |   8532 |   7748 |    784 |    378 |   5404 |   5 | 1706.4 |
        Depths |   6792 |   5992 |    800 |    418 |   4321 |   4 | 1698.0 |
           Zot |   4572 |   4165 |    407 |   1633 |    720 |   5 |  914.4 |
         Abyss |    438 |    438 |      0 |     69 |      0 |   1 |  438.0 |
         Trove |    114 |    114 |      0 |      0 |     42 |   1 |  114.0 |
        Bailey |    410 |    410 |      0 |    130 |    122 |   1 |  410.0 |
      Ice Cave |   1440 |   1440 |      0 |    909 |     48 |   1 | 1440.0 |
               +--------+--------+--------+--------+--------+-----+--------+

Top non-repeatable levels by time:
   Elf:3: 5612 daAuts
   Orc:2: 3059 daAuts
   Zot:5: 2914 daAuts
Depths:4: 2872 daAuts
    D:13: 2785 daAuts
Vaults:5: 2254 daAuts
  Lair:2: 2007 daAuts
    D:14: 1991 daAuts
    D:15: 1859 daAuts
Depths:2: 1832 daAuts
  Lair:1: 1736 daAuts
    D:11: 1647 daAuts
 Snake:4: 1642 daAuts
Vaults:4: 1634 daAuts
Vaults:1: 1599 daAuts
